 Dungeon Crawl Stone Soup version 0.31.0-11-ge490571c62 (webtiles) character file.

Game seed: 13533438734400125460

63 RancidPinata the Sneak (level 4, -2/31 HPs)
             Began as an Octopode Delver on Feb 2, 2024.
             Was an Initiate of Ru.
             Slain by a mummy (18 damage)
             ... in an ossuary.
             The game lasted 00:03:25 (317 turns).

RancidPinata the Sneak (Octopode Delver)             Turns: 317, Time: 00:03:26

Health: -2/31      AC:  1    Str: 11    XL:     4   Next: 10%
Magic:  4/4        EV: 14    Int: 12    God:    Ru [......]
Gold:   10         SH:  0    Dex: 15    Spells: 3/3 levels left

rFire   . . .        a - +0 short sword
rCold   . . .        (no shield)
rNeg    . . .        (helmet restricted)
rPois   .            (no amulet)
rElec   .            (no ring)
rCorr   .            (no ring)
SInv    .            (no ring)
Will    .....        (no ring)
Stlth   +++++        (no ring)
HPRegen 0.25/turn    (no ring)
MPRegen 0.09/turn    (no ring)
                     (no ring)

%: no passive effects
@: no status effects
A: almost no armour, amphibious, 8 rings, camouflage 1, gelatinous body 1,
(nimble swimmer 1), tentacles
a: Renounce Religion


You were in an ossuary.
You worshipped Ru.
Ru was noncommittal.
You visited 1 branch of the dungeon, and saw 2 of its levels.
You also visited: Ossuary.

You collected 10 gold pieces.

Inventory:

Hand Weapons
 a - a +0 short sword (weapon)
Missiles
 c - 5 stones (quivered)
Wands
 f - a wand of digging (3)
Scrolls
 b - a scroll of fog
 d - a scroll of fear


   Skills:
 + Level 3.5 Fighting
 + Level 2.7 Short Blades
 + Level 2.7 Dodging
 + Level 7.2 Stealth


You had 3 spell levels left.
You didn't know any spells.
Your spell library was empty.

Dungeon Overview and Level Annotations

Branches:
Dungeon (6/15)            Ossuary (1/1)
 Temple: D:4-7

Altars:
Ru


Innate Abilities, Weirdness & Mutations

You cannot wear most types of armour.
You are amphibious.
You can wear up to eight rings at the same time.
Your skin changes colour to match your surroundings (Stealth+).
Your rubbery body absorbs attacks. (AC +1, EV +1)
((You are camouflaged when in or above water. (Stealth+)))
You have tentacles for arms and can constrict up to eight enemies at once.


Message History

You constrict the gnoll zombie. You hit the gnoll zombie.
You squeeze the gnoll zombie!
The gnoll zombie is severely damaged.
You constrict the gnoll zombie. The gnoll zombie barely misses you.
The gnoll zombie hits you but does no damage.
You hit the gnoll zombie.
The gnoll zombie is almost destroyed.
You constrict the gnoll zombie.
You destroy the gnoll zombie!
You hit the gnoll zombie but do no damage.
You grab the gnoll zombie.
You constrict the gnoll zombie, but do no damage.
The gnoll zombie hits you.
You hit the gnoll zombie.
The gnoll zombie is lightly damaged.
You constrict the gnoll zombie. The gnoll zombie barely misses you.
You hit the gnoll zombie.
The gnoll zombie is heavily damaged.
You constrict the gnoll zombie. You hit the gnoll zombie.
The gnoll zombie is heavily damaged.
You constrict the gnoll zombie. The gnoll zombie completely misses you.
You hit the gnoll zombie.
The gnoll zombie is severely damaged.
You constrict the gnoll zombie. The gnoll zombie closely misses you.
You hit the gnoll zombie.
You destroy the gnoll zombie!
You start waiting.
Done waiting. 2 mummies come into view.
The mummy hits you!
Ouch! That really hurt!
You hit the mummy. You grab the mummy.
The mummy is lightly damaged.
You constrict the mummy, but do no damage.
Okay, then.
You release your grip on the mummy.
The mummy attacks as it pursues you! The mummy hits you!!
Ouch! That really hurt!
You die...

............
#........#
#......#
#...Z#
#....#
#....#
#M...#
#.MM.#
#.@..#
#....#
#....#
#.∩∩.#
######


You could see 3 mummies and a gnoll zombie.

Vanquished Creatures
  A bombardier beetle (D:6)
  A sleepcap (D:6)
  2 gnoll zombies (Ossuary)
  A kobold zombie (Ossuary)
  2 orc zombies (Ossuary)
7 creatures vanquished.

Notes
Turn   | Place    | Note
-------+----------+-------------------------------------------
     0 | D:5      | RancidPinata the Octopode Delver began the quest for the
                  | Orb.
     0 | D:5      | Reached XP level 1. HP: 16/16 MP: 1/1
     6 | D:6      | Found a sacrificial altar of Ru.
    14 | D:6      | Became a worshipper of Ru the Awakened
    15 | D:6      | Noticed a black bear
    28 | D:6      | Noticed a sleepcap
    35 | D:6      | Noticed a bombardier beetle
    38 | D:6      | Killed a bombardier beetle
    39 | D:6      | Reached skill level 7 in Stealth
    39 | D:6      | Reached XP level 2. HP: 21/21 MP: 2/2
    39 | D:6      | Reached XP level 3. HP: 26/26 MP: 3/3
    43 | D:6      | Noticed a sky beast
    64 | D:6      | Reached XP level 4. HP: 31/31 MP: 4/4
    79 | D:6      | Found a sand-covered staircase.
    83 | Ossuary  | Entered an ossuary
   317 | Ossuary  | Slain by a mummy

Illustrated notes

Levels and vault maps discovered:
D:5:      layout_basic
D:6:      layout_rooms, nicolae_ru_sacrificial_ziggurat, enter_ossuary_5,
          uniq_menkaure
Ossuary:  ossuary_tomb_3

Skill      XL: |  1 |
---------------+----+-----
Stealth        | 7 |  7.2
Fighting       | |  3.5
Short Blades   | |  2.7
Dodging        | |  2.7

Action                     |  1- 3 |  4- 6 || total
---------------------------+-------+-------++-------
  Melee: Short sword       |     3 |    17 ||    20
         Constrict         |     1 |     6 ||     7
         Tentacles         |     1 |     2 ||     3
    Use: Scroll            |     1 |       ||     1
         Potion            |       |     1 ||     1
   Stab: Sleeping          |     2 |       ||     2
 Armour: Skin              |       |     8 ||     8
  Dodge: Dodged            |     1 |    12 ||    13
